 Dungeon Crawl Stone Soup version 0.25.1-2-g60ff931df9 (webtiles) character file.

Game seed: 13532859562502794741

16595 gruber the Fighter (level 12, -8/135 HPs)
             Began as an Octopode Ice Elementalist on Nov 9, 2020.
             Was an Elder of Vehumet.
             Mangled by Jorgrun
             ... wielding a +0 vorpal quarterstaff
              (14 damage)
             ... on level 12 of the Dungeon.
             The game lasted 00:21:23 (16982 turns).

gruber the Fighter (Octopode Ice Elementalist)     Turns: 16982, Time: 00:21:24

Health: -8/135     AC:  1    Str:  9    XL:     12   Next: 39%
Magic:  0/24       EV: 16    Int: 21    God:    Vehumet [****..]
Gold:   435        SH:  0    Dex: 12    Spells: 8/27 levels left

rFire    . . .     SeeInvis +   y - +1 falchion "Okume" {flame, rElec}
rCold    . . .     Gourm    .   (no shield)
rNeg     . . .     Faith    .   (helmet restricted)
rPois    .         Spirit   +   A - amulet of guardian spirit
rElec    +         Reflect  .   q - ring of see invisible
rCorr    .         Harm     .   w - +4 ring of slaying
MR       .....                  F - +4 ring of evasion
Stlth    ..........             (no ring)
HPRegen  0.32/turn              (no ring)
MPRegen  0.19/turn              (no ring)
                                (no ring)
                                (no ring)

@: berserking, grasped by roots, frozen ramparts, constricted, very quick
A: almost no armour, stealthy swim, amphibious, 8 rings, constrict 8, camouflage
1, gelatinous body 1
a: Renounce Religion


You were on level 12 of the Dungeon.
You worshipped Vehumet.
Vehumet was greatly pleased with you.
You were near starving.

You visited 2 branches of the dungeon, and saw 13 of its levels.

You collected 638 gold pieces.
You spent 203 gold pieces at shops.

Inventory:

Hand Weapons
 n - the +0 spear "Orerch" {speed, rF+++ Int-2 Dex+4}
   (You found it on level 4 of the Dungeon)

   Attacks with this weapon are significantly faster.
   It affects your intelligence (-2).
   It affects your dexterity (+4).
   It renders you almost immune to fire.
 y - the +1 falchion "Okume" (weapon) {flame, rElec}
   (You found it on level 5 of the Dungeon)

   It has been specially enchanted to burn those struck by it, causing extra
   injury to most foes and up to half again as much damage against particularly
   susceptible opponents.
   Big, fiery blades are also staple armaments of hydra-hunters.
   It insulates you from electricity.
Missiles
 g - 17 javelins (quivered)
Jewellery
 q - a ring of see invisible (left tentacle)
 w - a +4 ring of slaying (right tentacle)
 A - an amulet of guardian spirit (around mantle)
 E - an uncursed amulet of the acrobat
 F - a +4 ring of evasion (on tentacle)
 H - an uncursed ring of ice
Wands
 l - a wand of acid (14)
 u - a wand of iceblast (14)
 x - a wand of random effects (47)
 D - a wand of clouds (3)
 I - a wand of polymorph (8)
Scrolls
 a - 2 scrolls of enchant weapon {unknown}
 e - a scroll of enchant armour {unknown}
 f - 5 scrolls of remove curse
 j - 5 scrolls of magic mapping {unknown}
 k - 9 scrolls of teleportation
 m - 2 scrolls of noise {unknown}
 o - 4 scrolls of amnesia {unknown}
 p - a scroll of fear {unknown}
 t - 9 scrolls of identify
 v - 2 scrolls of fog {unknown}
 C - 2 scrolls of random uselessness {unknown}
 G - 3 scrolls of blinking
Potions
 c - a potion of berserk rage
 d - 4 potions of resistance
 h - a potion of might
 i - 4 potions of brilliance
 r - 3 potions of magic
 s - 3 potions of flight
 z - a potion of mutation
 B - 2 potions of haste
Comestibles
 b - 25 rations


   Skills:
 - Level 11.2 Fighting
 - Level 1.3 Long Blades
 - Level 5.1 Dodging
 - Level 2.6 Stealth
 - Level 8.0 Spellcasting
 * Level 7.0 Conjurations
 - Level 5.3 Summonings
 - Level 10.5 Ice Magic
 - Level 0.6 Evocations


You had 8 spell levels left.
You knew the following spells:

 Your Spells              Type           Power        Failure   Level  Hunger
a - Freeze                Ice            ####         1%          1    None
b - Frozen Ramparts       Ice            ######       1%          3    None
c - Ozocubu's Armour      Chrm/Ice       ####....     2%          3    None
d - Summon Ice Beast      Ice/Summ       #####...     3%          4    ###....
e - Hailstorm             Conj/Ice       #####...     1%          4    ###....
f - Sticky Flame          Conj/Fire      ###.....     5%          4    ###....

Your spell library contained the following spells:

 Spells                   Type           Power        Failure   Level  Hunger
 Yara's Violent Unravell  Hex/Tmut       #.........   45%         5    #####..
 Foxfire                  Conj/Fire      ###.         1%          1    None
 Summon Butterflies       Summ           ####....     1%          1    None
 Conjure Flame            Conj/Fire      ###.....     1%          3    None
 Inner Flame              Hex/Fire       #.......     7%          3    None
 Apportation              Tloc           #.....       8%          1    None
 Fireball                 Conj/Fire      ###.......   13%         5    #####..
 Confusing Touch          Hex            #.......     24%         3    None
 Gell's Gravitas          Tloc           #.........   24%         3    None
 Lesser Beckoning         Tloc           #.........   24%         3    None
 Tukima's Dance           Hex            #.......     24%         3    None
 Metabolic Englaciation   Hex/Ice        ####......   26%         5    #####..
 Petrify                  Tmut/Erth      #.......     61%         4    ###....
 Alistair's Intoxication  Tmut/Pois      #.......     91%         5    #####..
 Invisibility             Hex            #.......     100%        6    ######.


Dungeon Overview and Level Annotations

Branches:
Dungeon (12/15)            Temple (1/1) D:5            Lair (0/6) D:9
    Orc (0/2) D:10

Altars:
Ashenzari
Cheibriados
Dithmenos
Elyvilon
Fedhas
Gozag
Hepliaklqana
Kikubaaqudgha
Makhleb
Nemelex Xobeh
Okawaru
Qazlal
Ru
Sif Muna
Trog
Uskayaw
Vehumet
Wu Jian
Xom
Yredelemnul
Zin
The Shining One
Beogh

Shops:
D:7 ?%:   D:8 ?   D:9 }(   D:10 ?

Annotations:
D:8 2 transporters, exclusion: obsidian statue
D:10 3 runed translucent doors
D:12 Jorgrun


Innate Abilities, Weirdness & Mutations

You cannot wear most types of armour.
You are very stealthy in the water. (Stealth+)
You are amphibious.
You can wear up to eight rings at the same time.
You can use your tentacles to constrict eight enemies at once.
Your skin changes colour to match your surroundings (Stealth+).
Your rubbery body absorbs attacks. (AC +1, EV +1)


Message History

Your ice beast hits Jorgrun but does no damage.
Unknown command.
Unknown command.
You hit Jorgrun. You grab Jorgrun.
Jorgrun is severely wounded.
You constrict Jorgrun.
The wall freezes Jorgrun.
Jorgrun points at your ice beast and mumbles some strange words.
The wall shatters!
The blast of rock fragments hits your ice beast!!
* * * LOW HITPOINT WARNING * * *
The grasping roots constrict you!!
Your ice beast hits Jorgrun but does no damage.
Unknown command.
A red film seems to cover your vision as you go berserk!
You feel yourself moving faster!
You feel mighty!
You constrict Jorgrun, but do no damage.
The wall freezes Jorgrun!
Jorgrun hits you with a +0 vorpal quarterstaff.
* * * LOW HITPOINT WARNING * * *
x2 You die...

#.# #...# #. ##..#
#. #..# #..# #..#
######..#
.........## #######
#######...##
#....>.
#.@..########.#####
#Yg#.......()).รท.#
#....#####.#####.##
#.#.######.# #(..
#.#.# #....# #(..
#.#)###.##.# #...
#....<.....#####...
#.#.###.##.......##
#.###.###.#.#.##


You could see Jorgrun and a friendly ice beast (summoned).

Vanquished Creatures
  Azrael (D:12)
  Fannar (D:12)
  2 hydras
  A two-headed ogre (D:9)
  Pikel (D:6)
  An orc knight (D:10)
  A troll (D:11)
  Grinder (D:4)
  A hornet (D:9)
  3 hippogriffs
  A spriggan (D:7)
  3 fire elementals (D:12)
  Eustachio (D:4)
  11 yaks (D:11)
  A water moccasin (D:9)
  A hell hound (D:12)
  12 orc warriors
  2 ice beasts
  2 phantoms (D:6)
  4 sky beasts
  An eye of draining (D:10)
  A wolf (D:9)
  6 ogres
  16 centaurs
  A crocodile (D:12)
  8 bullfrogs
  3 wyvern zombies
  5 scorpions
  3 killer bees (D:7)
  2 howler monkeys
  2 centaur zombies
  8 crimson imps
  A bullfrog zombie (D:12)
  A quasit (D:6)
  10 orc priests
  Crazy Yiuf (D:4)
  12 hounds
  2 jellies
  3 iguanas
  Ijyb (D:4)
  Natasha (thrice) (D:3)
  7 orc wizards
  9 worker ants
  A hound zombie (D:7)
  3 hound skeletons
  7 adders
  6 shadow imps
  An ooze (D:2)
  2 adder zombies (D:6)
  An adder skeleton (D:10)
  6 worms (D:2)
  2 dart slugs
  6 leopard geckos
  56 orcs
  5 giant cockroaches
  9 goblins
  10 hobgoblins
  16 jackals
  3 kobolds
  A quokka (D:2)
  A ball python (D:4)
  10 bats
  3 frilled lizards
  A jackal skeleton (D:6)
  A leopard gecko skeleton (D:8)
  A leopard gecko zombie (D:9)
  A quokka zombie (D:7)
  8 rats
318 creatures vanquished.

Vanquished Creatures (collateral kills)
  A manticore (D:11)
  A cyclops (D:11)
  A troll (D:9)
  A hippogriff (D:12)
  A wyvern (D:10)
  A wraith (D:10)
  A fire elemental (D:12)
  A hungry ghost (D:8)
  A black bear (D:9)
  An ogre (D:9)
  A wolf (D:9)
  A wyvern skeleton (D:8)
  An electric eel (D:9)
13 creatures vanquished.

Vanquished Creatures (others)
  3 slaves (D:6)
  A centaur (D:6)
  An orc (D:6)
5 creatures vanquished.

Grand Total: 336 creatures vanquished

Notes
Turn   | Place    | Note
-------+----------+-------------------------------------------
     0 | D:1      | gruber the Octopode Ice Elementalist began the quest for
                  | the Orb.
     0 | D:1      | Reached XP level 1. HP: 11/11 MP: 3/3
    89 | D:1      | Reached XP level 2. HP: 10/17 MP: 1/5
   773 | D:1      | Reached XP level 3. HP: 17/21 MP: 6/6
   785 | D:1      | Learned a level 3 spell: Frozen Ramparts
   867 | D:1      | Reached skill level 5 in Ice Magic
  1411 | D:2      | HP: 1/21 [worm (6)]
  1994 | D:2      | Reached XP level 4. HP: 22/27 MP: 3/7
  2572 | D:3      | Reached XP level 5. HP: 28/31 MP: 3/8
  2813 | D:3      | Noticed Natasha
  2822 | D:3      | Killed Natasha
  3118 | D:3      | Noticed Natasha
  3126 | D:3      | Killed Natasha
  3231 | D:3      | Reached XP level 6. HP: 36/36 MP: 5/9
  3251 | D:3      | Noticed Natasha
  3261 | D:3      | Killed Natasha
  3602 | D:4      | Noticed Grinder
  3638 | D:3      | Learned a level 3 spell: Ozocubu's Armour
  3797 | D:4      | Noticed Ijyb
  3806 | D:4      | Killed Ijyb
  3879 | D:4      | Killed Grinder
  3879 | D:4      | Reached XP level 7. HP: 38/41 MP: 7/13
  4182 | D:4      | Got a shimmering spear
  4183 | D:4      | Identified the cursed +0 spear "Orerch" {speed, rF+++ Int-2
                  | Dex+4} (You found it on level 4 of the Dungeon)
  4441 | D:4      | Noticed Eustachio
  4447 | D:4      | Killed Eustachio
  4621 | D:4      | Found a runed translucent door.
  4622 | D:4      | Noticed Crazy Yiuf
  4849 | D:4      | Killed Crazy Yiuf
  4978 | D:5      | Entered Level 5 of the Dungeon
  5266 | D:5      | Reached skill level 5 in Dodging
  5266 | D:5      | Reached XP level 8. HP: 46/46 MP: 10/14
  5353 | D:5      | Learned a level 4 spell: Summon Ice Beast
  5664 | D:5      | Found a staircase to the Ecumenical Temple.
  5872 | D:5      | Found an ornate altar of the Wu Jian Council.
  5965 | D:5      | Got an ancient falchion
  5966 | D:5      | Identified the +1 falchion "Okume" {flame, rElec} (You
                  | found it on level 5 of the Dungeon)
  6438 | D:5      | Found a hazy altar of Hepliaklqana.
  6561 | Temple   | Entered the Ecumenical Temple
  6617 | Temple   | Became a worshipper of Vehumet
  7278 | D:6      | Noticed Pikel
  7291 | D:6      | Killed Pikel
  7291 | D:6      | Reached skill level 1 in Long Blades
  7291 | D:6      | Reached skill level 10 in Ice Magic
  7291 | D:6      | Reached XP level 9. HP: 48/51 MP: 11/15
  7619 | D:6      | Reached skill level 1 in Summonings
  8054 | D:7      | Found Xobic's Food Boutique.
  8215 | D:7      | Found a shimmering blue altar of Sif Muna.
  8238 | D:7      | Found Peuduc's Weapon Emporium.
  8290 | D:7      | Reached * piety under Vehumet
  8290 | D:7      | Offered knowledge of Foxfire by Vehumet.
  8364 | D:7      | Reached skill level 5 in Summonings
  8475 | D:7      | Reached skill level 1 in Fighting
  8699 | D:7      | Found Ifanephe's Book Shop.
  8747 | D:7      | Reached skill level 2 in Fighting
  8805 | D:7      | Reached skill level 3 in Fighting
  9169 | D:7      | Reached skill level 4 in Fighting
  9169 | D:7      | Reached XP level 10. HP: 51/65 MP: 12/16
  9335 | D:7      | Reached skill level 5 in Fighting
  9539 | D:7      | Found Zivuadyo's Magic Scroll Emporium.
  9542 | D:7      | Bought a scroll of identify for 28 gold pieces
 10014 | D:6      | Reached skill level 6 in Fighting
 10419 | D:8      | Found a sparkling altar of Nemelex Xobeh.
 10427 | D:8      | Found Satici's Magic Scroll Emporium.
 10461 | D:8      | Noticed a manticore
 10464 | D:8      | Found a transporter.
 10473 | D:8      | Noticed an obsidian statue
 10473 | D:8      | Noticed an unseen horror
 10482 | D:8      | Found a transporter.
 10830 | D:8      | Found a sacrificial altar of Ru.
 11023 | D:8      | Reached skill level 7 in Fighting
 11359 | D:9      | Found a shattered altar of Ashenzari.
 11489 | D:9      | Found a staircase to the Lair.
 11501 | D:9      | Noticed a five-headed hydra
 11576 | D:9      | Noticed a two-headed ogre
 11579 | D:9      | Reached skill level 8 in Fighting
 11604 | D:9      | Killed a two-headed ogre
 11604 | D:9      | Reached skill level 9 in Fighting
 11604 | D:9      | Reached ** piety under Vehumet
 11604 | D:9      | Offered knowledge of Shock by Vehumet.
 12237 | D:9      | Reached skill level 10 in Fighting
 12237 | D:9      | Reached XP level 11. HP: 53/81 MP: 3/17
 12245 | D:9      | Killed a five-headed hydra
 12850 | D:9      | Found Deinwaif's Weapon Boutique.
 12896 | D:9      | Found Yrocim's Gadget Emporium.
 12976 | D:9      | Offered knowledge of Inner Flame by Vehumet.
 13047 | D:10     | Entered Level 10 of the Dungeon
 13124 | D:10     | Reached skill level 11 in Fighting
 13159 | D:10     | Found Huahygry's Magic Scroll Shop.
 13282 | D:10     | Bought a scroll of blinking for 97 gold pieces
 13282 | D:10     | Bought a scroll of identify for 26 gold pieces
 13282 | D:10     | Bought a scroll of identify for 26 gold pieces
 13282 | D:10     | Bought a scroll of identify for 26 gold pieces
 13390 | D:10     | Reached *** piety under Vehumet
 13397 | D:10     | Learned a level 4 spell: Hailstorm
 13490 | D:10     | Found a roughly hewn altar of Beogh.
 13490 | D:10     | Found a staircase to the Orcish Mines.
 13504 | D:10     | Noticed an orc knight
 13845 | D:10     | Offered knowledge of Fulminant Prism by Vehumet.
 14048 | D:10     | Identified the cursed +2 long sword of the Bespelling Wasp
                  | {antimagic, +Blink Int+3 SInv}
 14061 | D:10     | Killed an orc knight
 14061 | D:10     | Reached skill level 5 in Spellcasting
 14161 | D:10     | Found a runed translucent gate.
 14161 | D:10     | Found a runed translucent gate.
 14161 | D:10     | Found a runed translucent gate.
 14194 | D:10     | Noticed a glowing orange brain
 14204 | D:10     | Noticed a white ugly thing
 14205 | D:10     | Noticed a brown ugly thing
 14205 | D:10     | Noticed a purple ugly thing
 14207 | D:10     | Noticed a cyan very ugly thing
 14511 | D:11     | Noticed a cyclops
 14523 | D:11     | Killed a cyclops
 14781 | D:11     | Reached **** piety under Vehumet
 15088 | D:11     | Noticed a manticore
 15096 | D:11     | Killed a manticore
 15495 | D:11     | Offered knowledge of Yara's Violent Unravelling by Vehumet.
 15621 | D:11     | Learned a level 4 spell: Sticky Flame
 15645 | D:12     | Noticed a six-headed hydra
 15651 | D:12     | Reached skill level 1 in Conjurations
 15656 | D:12     | Killed a six-headed hydra
 15656 | D:12     | Reached XP level 12. HP: 88/90 MP: 10/24
 16510 | D:12     | Reached skill level 5 in Conjurations
 16549 | D:12     | Noticed Azrael
 16556 | D:12     | Killed Azrael
 16824 | D:12     | Noticed Fannar
 16837 | D:12     | Killed Fannar
 16967 | D:12     | Noticed Jorgrun
 16982 | D:12     | HP: 6/135 [Jorgrun/+0 vorpal quarterstaff (1)]
 16982 | D:12     | Mangled by Jorgrun

Illustrated notes

Levels and vault maps discovered:
D:1:      dpeg_arrival_three_same_balls, layout_rooms, dk_noncrumbling_3,
          serial_bayou_lake_a
D:2:      layout_rooms
D:3:      layout_basic, first_ration, uniq_natasha
D:4:      layout_basic, uniq_crazy_yiuf_cottage, uniq_eustachio, uniq_grinder,
          uniq_ijyb
D:5:      layout_basic, lemuel_round_altar, lemuel_crystal_altar,
          minmay_temple_entry_overgrown
D:6:      minmay_chambers_of_threes, layout_basic, uniq_pikel
D:7:      layout_basic, led_sif_pool, serial_shops, kennysheep_mini,
          kennysheep_mini_moat, nicolae_shop_stone, shop, the_bakery,
          st_stairs_6
D:8:      gammafunk_sealed_arena, layout_cave_pools, hangedman_ru_absence,
          nemelex_xobeh_ov_fountains_minmay, serial_shops, shop_statue
D:9:      layout_roguey, nicolae_overflow_crystal_walls, erik_lair_island,
          serial_shops, shop, shop, serial_corexii_hall,
          chequers_hall_statues_y, corexii_hall_statues_x, minmay_diced_spiral
D:10:     layout_roguey, david_orc_5,
          ploomutoo_gammafunk_ghost_potion_laboratory, serial_shops,
          shop_fountains
D:11:     layout_basic
D:12:     layout_loops_ring, uniq_jorgrun, uniq_fannar, uniq_azrael
Temple:   nicolae_temple_x_marks_the_god

Skill      XL: |  1  2  3  4  5  6  7  8  9 10 11 12 |
---------------+-------------------------------------+-----
Ice Magic      | 5 6 7 10 | 10.5
Spellcasting   | 4 8 |  8.0
Dodging        | 5 |  5.1
Long Blades    | 1 |  1.3
Summonings     | 5 |  5.3
Fighting       | 4 10 11 | 11.2
Conjurations   | 2 7 |  7.0
Stealth        | |  2.6
Evocations     | |  0.6

Action                   |  1- 3 |  4- 6 |  7- 9 | 10-12 || total
-------------------------+-------+-------+-------+-------++-------
Melee: Unarmed           |   130 |    64 |       |       ||   194
       Constrict         |    36 |    23 |    33 |    49 ||   141
       Tentacles         |    18 |    13 |    26 |    26 ||    83
       Flail             |       |     6 |     1 |       ||     7
       Spear             |       |       |    64 |       ||    64
       Falchion          |       |       |    81 |   200 ||   281
Throw: Javelin           |     1 |       |       |       ||     1
 Cast: Freeze            |     8 |     1 |     9 |     7 ||    25
       Frozen Ramparts   |     5 |    20 |    27 |    63 ||   115
       Summon Ice Beast  |       |       |     2 |    41 ||    43
       Ozocubu's Armour  |       |       |     3 |     6 ||     9
       Hailstorm         |       |       |       |    18 ||    18
       Sticky Flame      |       |       |       |     1 ||     1
Evoke: Wand              |       |     4 |     1 |     3 ||     8
  Use: Scroll            |       |       |     7 |     8 ||    15
       Potion            |       |       |       |     1 ||     1
 Stab: Sleeping          |     7 |     3 |     3 |     7 ||    20
       Distracted        |       |       |     1 |     2 ||     3
  Eat: Chunk             |     4 |     8 |    12 |    28 ||    52
       Ration            |       |       |     2 |     2 ||     4
Armor: Skin              |    10 |     7 |    10 |     7 ||    34
Dodge: Dodged            |    83 |    66 |   110 |   247 ||   506
       Rpst.: Falchion   |       |       |    24 |    64 ||    88
